 Dungeon Crawl Stone Soup version 0.28.0-49-g6dfe1f597d (webtiles) character file.

Game seed: 7590584929854737605

2 H0rd4k the Charlatan (level 1, 0/15 HPs)
             Began as a Human Artificer on May 11, 2022.
             Slain by a frilled lizard (1 damage)
             ... on level 1 of the Dungeon.
             The game lasted 00:00:12 (147 turns).

H0rd4k the Charlatan (Human Artificer)               Turns: 147, Time: 00:00:12

Health: 0/15       AC:  3    Str: 12    XL:     1   Next: 44%
Magic:  1/1        EV: 11    Int: 11    God:
Gold:   0          SH:  0    Dex: 13    Spells: 0/0 levels left

rFire   . . .      SeeInvis .   a - +0 club
rCold   . . .      Faith    .   (no shield)
rNeg    . . .      Spirit   .   b - +0 leather armour
rPois   .          Reflect  .   (no helmet)
rElec   .          Harm     .   (no cloak)
rCorr   .          Rampage  .   (no gloves)
Will    .....                   (no boots)
Stlth   +.........              (no amulet)
HPRegen 0.05/turn               (no ring)
MPRegen 0.07/turn               (no ring)

@: no status effects
A: no striking features
a: no special abilities


You were on level 1 of the Dungeon.
You visited 1 branch of the dungeon, and saw 1 of its levels.

Inventory:

Hand Weapons
 a - a +0 club (weapon)
Armour
 b - a +0 leather armour (worn)
Wands
 c - a wand of flame (15) (quivered)
 d - a wand of charming (15)
Scrolls
 f - a scroll of teleportation {unknown}
Miscellaneous
 e - a piece from Xom's chessboard (15/15)


   Skills:
 + Level 1.0 Fighting
 + Level 2.0 Armour
 + Level 1.0 Dodging
 + Level 1.0 Stealth
 + Level 3.2 Evocations


You couldn't memorise any spells.
You didn't know any spells.
Your spell library contained the following spells:

 Spells                   Type           Power      Damage    Failure   Level
 Freeze                   Ice            0%         1d3       41%         1
 Frozen Ramparts          Ice            0%         1d2       80%         3
 Hailstorm                Conj/Ice       0%         3d3       99%         4


Dungeon Overview and Level Annotations

Branches:
Dungeon (1/15)

Altars:


Message History

The quokka is almost dead.
The frilled lizard barely misses you. The quokka closely misses you.
The frilled lizard bites you. The quokka closely misses you.
You barely miss the quokka.
The quokka is almost dead.
The frilled lizard closely misses you.
The quokka bites you but does no damage.
There are monsters nearby!
There are monsters nearby!
You hit the quokka but do no damage.
The quokka is almost dead.
The quokka barely misses you. The frilled lizard closely misses you.
The quokka bites you but does no damage.
You hit the quokka but do no damage.
The quokka is almost dead.
The frilled lizard bites you.
The quokka bites you but does no damage.
The frilled lizard bites you but does no damage.
You completely miss the quokka.
The quokka is almost dead.
The quokka barely misses you. The frilled lizard bites you.
The quokka bites you.
* * * LOW HITPOINT WARNING * * *
You are too injured to fight recklessly!
You are too injured to fight recklessly!
You are too injured to fight recklessly!
You are too injured to fight recklessly!
You closely miss the quokka.
The quokka is almost dead.
The quokka bites you.
* * * LOW HITPOINT WARNING * * *
The frilled lizard bites you.
* * * LOW HITPOINT WARNING * * *
You hit the quokka.
You kill the quokka!
The frilled lizard bites you but does no damage.
The frilled lizard closely misses you.
You closely miss the frilled lizard. The frilled lizard barely misses you.
You barely miss the frilled lizard. The frilled lizard bites you.
You die...

............... ###.
............### ....
.(............# .....
####..>........ .
.....###.......[........
.......#.##.......###...
..............)...# ...
......†........######...
#..._.l@...####........#
.......#................
..[....#...####.........
.......#..... #.........
.......#.#.##.#........#
............ #.####.###
.......#.#### #.# #..#
#####.##.. ..# ##.#
.#.## #######.##


You could see a frilled lizard.

Vanquished Creatures
  A kobold (D:1)
  A quokka (D:1)
2 creatures vanquished.

Notes
Turn   | Place    | Note
-------+----------+-------------------------------------------
     0 | D:1      | H0rd4k the Human Artificer began the quest for the Orb.
     0 | D:1      | Reached XP level 1. HP: 15/15 MP: 1/1
   128 | D:1      | Found a faded altar of an unknown god.
   147 | D:1      | Slain by a frilled lizard

Illustrated notes

Levels and vault maps discovered:
D:1:      dpeg_arrival_simpleton_a, layout_basic, basic_ecumenical_altar

Action                   || total
-------------------------++-------
Melee: Club              ||    18
Armor: Leather armour    ||     7
Dodge: Dodged            ||    14
